Map: Heavy Artillery LE

Players

HaryPL - Winner!

  • Race: Terran Terran
  • Spawn Location: 1:00

Alwar - Winner!

  • Race: Protoss Protoss
  • League: Diamond
  • Spawn Location: 3:00

qqq

  • Race: Terran Terran
  • Spawn Location: 7:00

Massa

  • Race: Terran Terran
  • League: Platinum
  • Spawn Location: 7:00

VOD

Have the link to the VOD?

Description

Time

  • Played on: Nov. 7, 2020, 4:19 p.m.
  • Length: 13:50
Show
View Real Time Build Order
Export as new Build Order

HaryPL Terran - Winner!

Build Orders:  

Get SALT Encoding   

  12  0:00  SCV  
  13  0:12  SCV  
  14  0:19  Supply Depot  
  14  0:24  SCV  
  15  0:40  SCV  
  16  0:43  Barracks  
  16  0:53  SCV  
  17  1:02  Supply Depot  
  17  1:05  SCV  
  17  1:07  Refinery  
  18  1:20  SCV  
  19  1:26  Refinery  
  19  1:32  SCV  
  20  1:44  SCV  
  21  1:50  Marine  
  22  1:58  SCV  
  23  2:07  Marine  
  24  2:10  SCV  
  24  2:13  Command Center  
  25  2:25  Marine  
  25  2:27  SCV, Factory  
  27  2:43  Marine  
  28  2:54  Orbital Command  
  28  3:01  Marine  
  29  3:10  Supply Depot  
  29  3:11  Factory Tech Lab  
  29  3:15  Starport  
  29  3:19  Marine  
  30  3:22  SCV  
  31  3:33  Supply Depot  
  31  3:37  Marine  
  32  3:44  Siege Tank  
  32  3:46  SCV  
  32  3:47  SCV  
  37  3:54  Marine  
  38  3:57  Starport Tech Lab  
  38  4:01  Fusion Core  
  38  4:05  SCV  
  38  4:08  SCV  
  40  4:12  Marine  
  41  4:17  SCV  
  41  4:21  SCV  
  43  4:30  Marine  
  44  4:33  SCV  
  44  4:37  SCV  
  46  4:44  Refinery  
  46  4:45  SCV  
  47  4:46  Refinery  
  47  4:49  SCV  
  47  4:51  Engineering Bay  
  48  4:57  SCV  
  49  5:00  Battlecruiser  
  49  5:05  SCV  
  56  5:09  SCV  
  57  5:17  SCV  
  57  5:19  Missile Turret  
  58  5:21  SCV  
  58  5:27  Widow Mine  
  61  5:29  SCV  
  62  5:42  Missile Turret  
  62  5:47  Missile Turret  
  62  5:51  Supply Depot  
  62  5:57  Widow Mine, SCV  
  65  6:02  Missile Turret  
  65  6:13  Battlecruiser  
  65  6:14  Supply Depot  
  65  6:16  Starport  
  73  6:18  Widow Mine  
  73  6:19  Armory  
  73  6:24  Missile Turret  
  73  6:27  SCV  
  73  6:28  SCV  
  75  6:37  Supply Depot  
  75  6:39  SCV, Weapon Refit  
  78  6:40  Widow Mine, SCV  
  79  7:10  Starport Tech Lab  
  79  7:12  Thor  
  85  7:17  Orbital Command, Battlecruiser  
  91  7:37  Command Center  
  91  7:49  Battlecruiser  
  97  7:52  Terran Ship Weapons Level 1  
  97  7:55  Command Center  
  97  7:56  Supply Depot  
  97  8:19  Supply Depot  
  97  8:20  Thor  
  103  8:37  Battlecruiser  
  109  8:41  Supply Depot  
  109  8:44  Starport  
  109  8:50  Armory  
  109  9:12  Missile Turret  
  109  9:19  SCV x2  
  109  9:21  SCV  
  112  9:24  Thor  
  116  9:31  SCV x2  
  116  9:33  SCV, Missile Turret  
  119  9:43  SCV  
  119  9:44  SCV  
  119  9:45  SCV  
  115  9:54  Missile Turret  
  115  9:55  SCV  
  115  9:57  SCV, Planetary Fortress  
  113  10:05  Battlecruiser  
  119  10:09  SCV  
  120  10:20  Battlecruiser  
  120  10:21  Missile Turret  
  126  10:27  Starport Tech Lab  
  126  10:37  Factory  
  126  10:40  Refinery  
  126  10:42  Refinery  
  126  10:49  SCV  
  127  10:51  Refinery  
  127  10:53  SCV x2  
  129  10:59  Planetary Fortress  
  129  11:01  SCV  
  130  11:05  SCV x2  
  132  11:13  SCV  
  132  11:17  SCV  
  134  11:25  SCV, Battlecruiser  
  141  11:26  Factory Tech Lab  
  141  11:32  Terran Vehicle Weapons Level 1  
  141  11:33  Terran Ship Weapons Level 2  
  141  11:37  SCV  
  142  11:40  SCV  
  142  11:44  Refinery  
  142  11:45  Thor  
  149  11:49  SCV  
  149  11:52  SCV  
  151  12:04  SCV  
  152  12:15  Missile Turret  
  152  12:16  SCV  
  152  12:22  Battlecruiser  
  159  12:28  SCV  
  160  12:35  Missile Turret  
  160  12:57  Missile Turret  
  160  13:04  Thor  
Show
View Real Time Build Order
Export as new Build Order

Alwar Protoss - Winner!

Build Orders:  

Get SALT Encoding   

  12  0:00  Probe  
  13  0:13  Probe  
  14  0:20  Pylon  
  14  0:25  Probe  
  15  0:38  Probe (Chrono Boost)  
  15  0:39  Gateway  
  17  0:50  Probe (Chrono Boost)  
  17  0:59  Gateway  
  17  1:00  Probe  
  18  1:12  Probe  
  18  1:13  Assimilator  
  18  1:16  Assimilator  
  19  1:24  Probe  
  20  1:28  Cybernetics Core  
  20  1:36  Probe  
  21  1:40  Pylon  
  21  1:48  Probe  
  22  2:00  Probe  
  23  2:04  Stalker  
  23  2:06  Warp Gate  
  25  2:23  Nexus  
  25  2:26  Probe  
  26  2:54  Stalker  
  28  2:59  Twilight Council  
  28  3:03  Probe (Chrono Boost), Stargate  
  29  3:11  Pylon  
  30  3:13  Probe (Chrono Boost)  
  30  3:18  Probe (Chrono Boost)  
  30  3:20  Assimilator  
  30  3:25  Pylon  
  29  3:40  Charge (Chrono Boost)  
  29  3:41  Void Ray  
  33  3:49  Probe (Chrono Boost)  
  33  3:52  Probe (Chrono Boost)  
  35  4:00  Probe (Chrono Boost)  
  35  4:02  Probe (Chrono Boost)  
  37  4:04  Assimilator  
  37  4:07  Probe x2 (Chrono Boost)  
  39  4:16  Probe (Chrono Boost)  
  40  4:18  Void Ray  
  44  4:27  Probe (Chrono Boost), Stalker  
  47  4:31  Probe (Chrono Boost)  
  47  4:35  Zealot  
  51  4:46  Fleet Beacon  
  51  4:48  Probe (Chrono Boost)  
  51  4:50  Probe (Chrono Boost)  
  52  4:58  Probe (Chrono Boost)  
  53  5:02  Probe (Chrono Boost)  
  53  5:04  Robotics Facility  
  53  5:06  Pylon  
  54  5:09  Void Ray  
  54  5:11  Pylon  
  58  5:23  Zealot  
  60  5:36  Flux Vanes  
  60  5:40  Probe (Chrono Boost)  
  62  5:44  Probe (Chrono Boost), Pylon  
  62  5:49  Stargate  
  63  5:50  Shield Battery  
  63  5:51  Probe (Chrono Boost)  
  63  5:54  Probe (Chrono Boost), Pylon  
  63  5:56  Probe (Chrono Boost)  
  64  6:02  Tempest  
  70  6:08  Observer  
  71  6:12  Zealot  
  71  6:13  Zealot  
  71  6:16  Probe  
  76  6:29  Observer  
  77  6:36  Void Ray (Chrono Boost)  
  77  6:40  Nexus  
  77  6:45  Stargate  
  81  6:51  Observer  
  82  6:59  Anion Pulse-Crystals  
  82  7:03  Probe (Chrono Boost)  
  82  7:05  Probe (Chrono Boost)  
  84  7:14  Pylon  
  84  7:15  Observer, Probe (Chrono Boost), Pylon  
  86  7:19  Observer  
  86  7:20  Probe (Chrono Boost)  
  86  7:21  Probe (Chrono Boost)  
  86  7:22  Pylon  
  87  7:24  Observer  
  87  7:25  Pylon  
  87  7:27  Observer, Probe  
  87  7:28  Pylon  
  89  7:30  Assimilator  
  89  7:31  Assimilator  
  95  7:39  Carrier (Chrono Boost)  
  95  7:43  Void Ray (Chrono Boost)  
  95  7:58  Observer (Chrono Boost)  
  100  8:04  Zealot x2  
  104  8:07  Probe x2 (Chrono Boost)  
  104  8:12  Probe (Chrono Boost), Immortal (Chrono Boost)  
  107  8:18  Probe x2 (Chrono Boost)  
  120  8:21  Probe (Chrono Boost)  
  120  8:22  Probe (Chrono Boost)  
  120  8:23  Probe (Chrono Boost)  
  120  8:24  Carrier (Chrono Boost)  
  122  8:31  Probe, Forge  
  122  8:33  Probe x2  
  125  8:41  Protoss Air Weapons Level 1 (Chrono Boost)  
  125  8:42  Pylon  
  125  8:43  Probe  
  125  8:44  Carrier (Chrono Boost)  
  132  8:49  Pylon  
  132  8:50  Tempest (Chrono Boost)  
  137  9:00  Zealot x2  
  141  9:16  Pylon  
  141  9:18  Void Ray  
  145  9:32  Zealot x2  
  145  9:36  Void Ray (Chrono Boost)  
  149  9:40  Observer  
  149  9:41  Gateway  
  149  9:42  Gateway  
  146  10:02  Observer  
  146  10:05  Carrier (Chrono Boost)  
  153  10:14  Carrier (Chrono Boost)  
  159  10:22  Zealot x2  
  159  10:25  Nexus  
  163  10:28  Pylon  
  163  10:31  Pylon  
  163  10:33  Pylon  
  163  10:36  Assimilator  
  163  10:37  Assimilator  
  163  10:39  Probe x3  
  163  10:42  Pylon  
  166  10:44  Tempest  
  166  10:48  Protoss Shields Level 1 (Chrono Boost)  
  171  10:51  Probe x3  
  171  10:56  Cybernetics Core  
  174  10:57  Pylon  
  174  10:58  Gateway  
  174  10:59  Observer  
  174  11:01  Gateway  
  174  11:03  Probe, Protoss Air Weapons Level 2 (Chrono Boost)  
  176  11:05  Pylon  
  176  11:14  Photon Cannon  
  176  11:17  Photon Cannon  
  176  11:19  Photon Cannon  
  176  11:20  Observer  
  176  11:23  Probe x3, Photon Cannon  
  176  11:25  Shield Battery  
  179  11:26  Shield Battery  
  179  11:28  Shield Battery  
  179  11:35  Probe x2  
  181  11:52  Zealot x3  
  181  11:53  Zealot  
  189  12:15  Tempest x2  
  197  12:40  Unknown  
Show
View Real Time Build Order
Export as new Build Order

qqq Terran 

Build Orders:  

Get SALT Encoding   

  12  0:00  SCV  
  13  0:21  SCV  
  13  0:22  Supply Depot  
  14  0:34  SCV  
  15  0:43  Refinery  
  15  0:46  SCV  
  16  0:51  Barracks  
  16  0:58  SCV  
  17  1:10  SCV  
  18  1:22  SCV  
  19  1:34  SCV  
  19  1:38  Reaper, Supply Depot  
  21  1:44  Refinery  
  21  1:46  SCV  
  22  1:59  SCV, Command Center  
  23  2:06  Supply Depot  
  23  2:11  SCV  
  24  2:22  Reaper  
  25  2:23  SCV  
  26  2:32  Factory  
  26  2:35  SCV  
  27  2:55  Marine  
  28  3:03  Orbital Command  
  28  3:11  SCV  
  29  3:12  Marine  
  30  3:23  SCV  
  31  3:35  SCV x2  
  33  3:43  Starport, Factory Tech Lab  
  33  3:45  Barracks  
  33  3:47  SCV x2  
  35  3:59  SCV  
  35  4:00  SCV  
  37  4:04  Siege Tank  
  37  4:06  Barracks Reactor  
  40  4:11  SCV  
  40  4:12  Refinery  
  40  4:13  Refinery, Orbital Command  
  41  4:23  SCV  
  42  4:35  SCV  
  42  4:38  Starport Tech Lab  
  43  4:47  SCV x2, Engineering Bay  
  43  4:50  Engineering Bay  
  45  4:54  Barracks Tech Lab  
  45  4:59  SCV x2  
  47  5:03  Command Center  
  47  5:04  Siege Tank  
  47  5:06  Medivac  
  52  5:11  SCV  
  53  5:19  Stimpack  
  53  5:23  SCV, Terran Infantry Weapons Level 1, Terran Infantry Armor Level 1  
  53  5:35  SCV  
  53  5:41  Supply Depot  
  53  5:57  SCV  
  53  6:03  Marauder, Siege Tank  
  61  6:04  Supply Depot  
  61  6:09  SCV  
  60  6:20  Starport Reactor  
  60  6:21  SCV  
  60  6:22  Orbital Command  
  60  6:24  SCV  
  62  6:33  SCV  
  62  6:36  SCV  
  62  6:38  Siege Tank  
  69  6:40  Marauder  
  69  6:41  Marine x2  
  69  6:45  SCV  
  72  6:49  SCV  
  73  6:54  Supply Depot  
  73  6:57  SCV  
  73  6:58  Viking  
  73  6:59  Marine x2  
  73  7:01  SCV, Marauder  
  81  7:09  SCV  
  81  7:13  SCV  
  83  7:17  Marine x2  
  83  7:18  Supply Depot  
  83  7:21  Viking  
  83  7:22  Marauder  
  89  7:23  Command Center  
  89  7:28  Viking  
  91  7:35  Marine x2  
  93  7:39  SCV x3  
  93  7:40  Supply Depot  
  93  7:43  Marine  
  97  7:45  Refinery  
  97  7:46  Refinery  
  97  7:48  Supply Depot  
  97  7:51  SCV x2, Viking  
  101  8:01  Marine, Medivac  
  101  8:02  Marauder, Siege Tank  
  101  8:03  Supply Depot  
  109  8:09  Marine  
  109  8:10  Supply Depot  
  110  8:21  Viking  
  110  8:23  Marauder  
  114  8:31  Medivac  
  116  8:50  Siege Tank  
  116  8:51  Medivac  
  116  8:52  Marauder  
  116  8:53  Marine x2  
  125  9:01  Viking  
  117  9:11  Marine x2  
  117  9:14  Marauder  
  121  9:21  Viking  
  123  9:29  Marine x2  
  123  9:35  Marauder  
  125  9:45  Viking  
  127  9:46  Marine  
  127  9:47  Marine  
  127  9:51  Viking  
  129  9:56  Marauder  
  95  10:08  Siege Tank  
  95  10:14  Marine x2  
  99  10:15  Viking  
  99  10:16  SCV  
  99  10:18  SCV, Marauder  
  99  10:19  SCV x2  
  108  10:21  Viking  
  108  10:22  Refinery x2  
  111  10:28  SCV  
  111  10:30  SCV  
  111  10:31  SCV, Marine  
  111  10:32  Marine  
  115  10:39  Marauder  
  115  10:40  SCV, Siege Tank  
  121  10:45  Medivac  
  121  10:49  Marine x2  
  124  10:51  Medivac  
  124  10:52  SCV  
  128  11:01  Armory, Marauder  
  130  11:04  SCV  
  130  11:06  Ghost Academy  
  130  11:07  Marine x2  
  133  11:12  Starport, Siege Tank  
  133  11:15  Medivac  
  138  11:21  Medivac  
  138  11:22  Marauder  
  138  11:25  Marine x2  
  144  11:43  Marauder  
  144  11:45  Viking  
  148  11:49  Missile Turret  
  147  12:02  Command Center  
  147  12:12  Combat Shield  
  147  12:15  Starport Reactor  
  147  12:56  Marauder  
  148  13:06  Viking  
  148  13:10  Viking  
  93  13:28  Marauder  
  66  13:42  Barracks  
Show
View Real Time Build Order
Export as new Build Order

Massa Terran 

Build Orders: Reaper Expand 

Get SALT Encoding   

  12  0:00  SCV  
  13  0:18  SCV, Supply Depot  
  14  0:30  SCV  
  15  0:40  Barracks  
  15  0:42  SCV  
  16  0:48  Refinery  
  16  0:54  SCV  
  17  1:06  SCV  
  18  1:18  SCV  
  19  1:35  Reaper  
  19  1:37  Command Center  
  20  1:41  Orbital Command  
  20  2:00  Supply Depot  
  20  2:07  Marine  
  21  2:10  Factory  
  21  2:13  SCV  
  22  2:25  SCV  
  23  2:37  SCV  
  24  3:01  Barracks Reactor, Factory Tech Lab  
  24  3:06  Orbital Command  
  24  3:07  SCV  
  24  3:09  Supply Depot  
  24  3:11  Engineering Bay  
  25  3:13  Command Center  
  25  3:19  SCV, Barracks  
  26  3:27  Siege Tank  
  29  3:39  SCV x2  
  31  3:45  Missile Turret  
  31  3:50  Missile Turret  
  31  3:51  SCV  
  31  3:52  SCV  
  33  3:57  Marine x2  
  35  4:03  SCV  
  36  4:15  Marine  
  37  4:17  Marine  
  37  4:19  Barracks Tech Lab  
  37  4:20  Siege Tank  
  41  4:28  Orbital Command  
  41  4:31  SCV x2  
  43  4:32  Marine  
  43  4:37  Refinery  
  44  4:39  Barracks  
  44  4:41  Barracks  
  44  4:43  SCV  
  44  4:45  Marauder  
  47  4:47  Marine  
  47  4:50  Marine  
  49  4:54  Refinery  
  49  4:58  SCV x3  
  52  5:04  Marine  
  52  5:06  Marauder  
  55  5:08  Marine  
  55  5:10  SCV x2  
  55  5:11  SCV  
  59  5:22  Marine  
  59  5:26  Starport, Marine  
  59  5:28  Marauder  
  63  5:35  Refinery  
  63  5:37  Barracks Reactor, Barracks Tech Lab  
  63  5:40  Marine  
  64  5:44  Marine  
  64  5:46  Supply Depot  
  64  5:49  Marauder, Supply Depot  
  67  5:50  Supply Depot  
  67  5:51  Missile Turret  
  67  5:57  Missile Turret  
  67  5:58  Missile Turret  
  67  6:08  Sensor Tower  
  67  6:10  SCV x3, Marauder  
  72  6:11  Supply Depot  
  72  6:12  Missile Turret  
  72  6:13  Supply Depot  
  72  6:16  Siege Tank  
  75  6:20  Starport Reactor  
  75  6:22  SCV x3, Marine  
  79  6:27  Stimpack  
  79  6:33  Missile Turret, Combat Shield  
  79  6:40  Terran Infantry Weapons Level 1  
  79  6:43  SCV x2  
  81  6:55  SCV x2  
  83  7:05  Missile Turret  
  83  7:07  SCV x2  
  85  7:13  Orbital Command  
  85  7:15  Missile Turret  
  85  7:17  Medivac x2  
  85  7:19  SCV  
  90  7:39  Missile Turret  
  90  7:43  Missile Turret x2  
  90  7:44  Missile Turret  
  90  7:45  SCV x3  
  90  7:47  Medivac x2  
  97  7:51  Concussive Shells  
  97  7:57  SCV  
  98  7:59  Missile Turret  
  98  8:02  SCV x2  
  100  8:06  Missile Turret  
  100  8:07  Command Center, Missile Turret  
  100  8:09  SCV  
  100  8:11  Armory  
  101  8:14  Refinery, SCV x2  
  101  8:15  Refinery  
  101  8:18  Engineering Bay  
  103  8:30  SCV x3, Missile Turret  
  106  8:34  Terran Infantry Armor Level 1  
  106  8:39  Marauder  
  106  8:40  Marine  
  109  8:49  Sensor Tower  
  109  8:51  Supply Depot x2  
  109  8:52  Supply Depot  
  109  8:54  Supply Depot x2  
  109  8:55  Supply Depot  
  109  8:57  Supply Depot  
  109  8:59  Supply Depot  
  109  9:10  Terran Infantry Weapons Level 2  
  109  9:12  Marine  
  109  9:13  Marauder x2, Terran Vehicle And Ship Armor Level 1, Supply Depot  
  114  9:18  Supply Depot  
  114  9:19  Supply Depot  
  114  9:21  Supply Depot x3  
  114  9:34  Marauder x2  
  114  9:38  Siege Tank  
  121  9:40  Marine x4  
  121  9:45  SCV x2  
  126  9:46  SCV  
  128  9:55  Marauder x2  
  128  9:57  SCV x2  
  128  9:58  SCV, Marine, Missile Turret  
  136  10:00  Marine x3, Missile Turret  
  136  10:02  Missile Turret  
  136  10:04  Missile Turret  
  139  10:07  Medivac x2  
  139  10:09  SCV  
  147  10:16  Marine  
  147  10:17  Cyclone, Marauder x2, Marine  
  147  10:18  Marine x2  
  155  10:22  Barracks, Missile Turret  
  155  10:23  Factory  
  155  10:24  Missile Turret  
  155  10:33  SCV x3, Marine  
  160  10:35  Marine x2, Planetary Fortress  
  160  10:37  Viking x2  
  160  10:38  Marauder  
  160  10:40  Command Center  
  167  10:44  Refinery  
  167  10:45  SCV  
  167  10:49  Cyclone  
  171  11:07  Viking x2  
  175  11:13  Starport  
  175  11:15  Starport  
  175  11:22  Refinery  
  175  11:28  Marauder  
  175  11:29  Marauder, Marine x4  
  175  11:32  Factory Tech Lab, Thor  
  184  11:37  Viking x2  
  184  11:38  Barracks Tech Lab  
  193  11:46  Marine  
  194  12:07  Thor  
  200  12:18  Factory  
  200  12:20  Factory  
  200  12:23  Factory  
  200  12:29  Smart Servos  
  200  12:40  Starport Tech Lab, Starport Reactor  
  180  13:08  Factory Tech Lab x3  
  120  13:31  Marine x5  
  120  13:32  Marine  
Tags
 
Add a new tag
Caveats
  • Supply blocks, unpowered buildings, or Contaminate may cause inaccurate times.
  • Supply counts are checked every 10 seconds.